 Dungeon Crawl Stone Soup version 0.22.0 (webtiles) character file.

390 HiJackal the Magician (level 6, 31/44 HPs)
             Began as a Gnoll Wizard on Aug 7, 2018.
             Quit the game on level 4 of the Dungeon on Aug 11, 2018.
             The game lasted 00:17:22 (4610 turns).

HiJackal the Magician (Gnoll Wizard)                Turns: 4610, Time: 00:17:22

Health: 31/44      AC:  3    Str:  9    XL:     6   Next: 80%
Magic:  0/16       EV: 14    Int: 23    God:
Gold:   189        SH:  0    Dex: 13    Spells: 8/19 levels left

rFire    . . .     SeeInvis .   r - +1 trident
rCold    . . .     Gourm    .   (no shield)
rNeg     . . .     Faith    .   a - +0 robe
rPois    .         Spirit   .   b - +0 hat
rElec    .         Reflect  .   k - scarf {repulsion}
rCorr    .         Harm     .   c - +0 pair of gloves
MR       .....                  (no boots)
Stlth    +++.......             (no amulet)
HPRegen  0.14/turn              (no ring)
MPRegen  0.15/turn              (no ring)

@: repel missiles
A: distributed training, fangs 1, strong nose
a: no special abilities


You were on level 4 of the Dungeon.
You were not hungry.

You visited 1 branch of the dungeon, and saw 4 of its levels.

You collected 189 gold pieces.

Inventory:

Hand Weapons
 r - a +1 trident (weapon)
Armour
 a - a +0 robe (worn)
 b - a +0 hat (worn)
 c - a +0 pair of gloves (worn)
 k - a scarf of repulsion (worn)
Jewellery
 q - an uncursed ring of see invisible {unknown}
 s - a +2 ring of dexterity {unknown}
Scrolls
 g - 4 scrolls of teleportation
 j - 2 scrolls of identify
 l - a scroll of enchant weapon
 m - a scroll of remove curse
 t - a scroll of fear {unknown}
Potions
 e - a potion of invisibility {unknown}
 f - a potion of cancellation {unknown}
 h - a potion of experience {unknown}
 i - 3 potions of heal wounds
 n - a potion of might {unknown}
 o - a potion of lignification {unknown}
 u - 2 potions of brilliance {unknown}
 v - a potion of flight {unknown}
 w - a potion of haste {unknown}
Comestibles
 d - 7 rations
 p - 13 chunks of flesh


   Skills:
 + Level 2.1 Fighting
 + Level 2.1 Short Blades
 + Level 2.1 Long Blades
 + Level 2.1 Axes
 + Level 2.1 Maces & Flails
 + Level 2.1 Polearms
 + Level 2.1 Staves
 + Level 2.1 Slings
 + Level 2.1 Bows
 + Level 2.1 Crossbows
 + Level 2.1 Throwing
 + Level 2.1 Armour
 + Level 5.0 Dodging
 + Level 4.6 Stealth
 + Level 2.1 Shields
 + Level 2.1 Unarmed Combat
 + Level 7.4 Spellcasting
 + Level 2.7 Conjurations
 + Level 1.6 Hexes
 + Level 1.6 Charms
 + Level 2.7 Summonings
 + Level 1.6 Necromancy
 + Level 2.7 Translocations
 + Level 1.6 Transmutations
 + Level 1.6 Fire Magic
 + Level 1.6 Ice Magic
 + Level 1.6 Air Magic
 + Level 1.6 Earth Magic
 + Level 1.6 Poison Magic
 + Level 2.3 Invocations
 + Level 2.1 Evocations


You had 8 spell levels left.
You knew the following spells:

 Your Spells              Type           Power        Failure   Level  Hunger
a - Magic Dart            Conj           ###.         2%          1    None
b - Call Imp              Summ           ###.....     3%          2    None
c - Conjure Flame         Conj/Fire      ###.....     9%          3    None
e - Blink                 Tloc           N/A          3%          2    None
f - Mephitic Cloud        Conj/Pois/Air  ###.....     10%         3    None

Your spell library contained the following spells:

 Spells                   Type           Power        Failure   Level  Hunger
 Slow                     Hex            ###.....     5%          2    None


Dungeon Overview and Level Annotations

Branches:
Dungeon (4/15)
 Temple: D:4-7

Altars:
Okawaru
Trog
Uskayaw
Vehumet

Annotations:
D:2 exclusion: 2 downstairs


Innate Abilities, Weirdness & Mutations

Your experience applies equally to all skills.
You have very sharp teeth.
Your uncanny sense of smell can sniff out nearby items.


Message History

Casting: Magic Dart (safe; 2% risk of failure)
Confirm with . or Enter, or press ? or * to list all spells.
Aiming: Magic Dart (safe; 2% risk of failure)
Press: ? - help, Shift-Dir - straight line, f/p - scorpion
Aim: a scorpion (moderately wounded)
The magic dart hits the scorpion.
The scorpion is moderately wounded.
Casting: Magic Dart (safe; 2% risk of failure)
Confirm with . or Enter, or press ? or * to list all spells.
You don't have enough magic to cast that spell.
Casting: Magic Dart (safe; 2% risk of failure)
Confirm with . or Enter, or press ? or * to list all spells.
You don't have enough magic to cast that spell.
Unknown command.
Are you sure you want to abandon this character and quit the game? (Confirm with "yes".)
Okay, then.
Save game and exit?
Welcome back, HiJackal the Gnoll Wizard.
Press ? for a list of commands and other information.
Are you sure you want to abandon this character and quit the game? (Confirm with "yes".)

# #.......## ..............# #
#.........##...............##
##..........##................###
.............#...................
.............##...............#..
...........s..#...............###
...........#..##.............##
..............O#...$........##
............#..#@..........##
..............O§...........#
...............##.......#..#
..............## #.....###.>
#.............# #...##
#.............# ..##
##...........# ## ...........###
.#####...###


You could see an ogre.

Vanquished Creatures
  2 orc wizards
  A gnoll (D:2)
  6 adders
  A shadow imp (D:3)
  An ooze (D:3)
  2 worms
  A dart slug (D:2)
  4 leopard geckos
  9 orcs
  A ball python (D:2)
  7 giant cockroaches
  6 goblins
  6 hobgoblins
  2 jackals (D:3)
  7 kobolds
  2 quokkas (D:2)
  5 bats
  8 frilled lizards
  9 rats
80 creatures vanquished.

Vanquished Creatures (collateral kills)
  Sigmund (D:3)
  A phantom (D:3)
  A leopard gecko (D:3)
3 creatures vanquished.

Grand Total: 83 creatures vanquished

Notes
Turn   | Place    | Note
-------+----------+-------------------------------------------
     0 | D:1      | HiJackal the Gnoll Wizard began the quest for the Orb.
     0 | D:1      | Reached XP level 1. HP: 13/13 MP: 8/8
   235 | D:1      | Reached XP level 2. HP: 19/19 MP: 8/10
   959 | D:2      | Reached XP level 3. HP: 25/25 MP: 4/11
  1054 | D:2      | Found a radiant altar of Vehumet.
  1196 | D:2      | Reached skill level 1 in Invocations
  1286 | D:2      | Reached skill level 1 in Fighting
  1286 | D:2      | Reached skill level 1 in Short Blades
  1286 | D:2      | Reached skill level 1 in Long Blades
  1286 | D:2      | Reached skill level 1 in Axes
  1286 | D:2      | Reached skill level 1 in Maces & Flails
  1286 | D:2      | Reached skill level 1 in Polearms
  1286 | D:2      | Reached skill level 1 in Staves
  1286 | D:2      | Reached skill level 1 in Slings
  1286 | D:2      | Reached skill level 1 in Bows
  1286 | D:2      | Reached skill level 1 in Crossbows
  1286 | D:2      | Reached skill level 1 in Throwing
  1286 | D:2      | Reached skill level 1 in Armour
  1286 | D:2      | Reached skill level 1 in Shields
  1286 | D:2      | Reached skill level 1 in Unarmed Combat
  1286 | D:2      | Reached skill level 1 in Evocations
  1286 | D:2      | Reached XP level 4. HP: 20/32 MP: 1/13
  1380 | D:2      | Learned a level 2 spell: Blink
  1383 | D:2      | Learned a level 2 spell: Call Imp
  1387 | D:2      | Learned a level 3 spell: Conjure Flame
  1391 | D:2      | Learned a level 3 spell: Mephitic Cloud
  2126 | D:2      | Found a hide-covered altar of Uskayaw.
  2440 | D:3      | Reached skill level 1 in Hexes
  2440 | D:3      | Reached skill level 1 in Charms
  2440 | D:3      | Reached skill level 1 in Necromancy
  2440 | D:3      | Reached skill level 1 in Transmutations
  2440 | D:3      | Reached skill level 1 in Fire Magic
  2440 | D:3      | Reached skill level 1 in Ice Magic
  2440 | D:3      | Reached skill level 1 in Air Magic
  2440 | D:3      | Reached skill level 1 in Earth Magic
  2440 | D:3      | Reached skill level 1 in Poison Magic
  2583 | D:3      | Reached XP level 5. HP: 37/37 MP: 3/14
  2714 | D:3      | Found a bloodstained altar of Trog.
  2936 | D:3      | Noticed Sigmund
  3137 | D:3      | Noticed a phantom
  3571 | D:3      | Killed Sigmund
  3571 | D:3      | Reached XP level 6. HP: 41/44 MP: 10/16
  3657 | D:3      | Found an iron altar of Okawaru.
  3725 | D:3      | Killed a phantom
  3725 | D:3      | Reached skill level 5 in Dodging
  4610 | D:4      | Upgraded the game from 0.22-b1-26-g9dbaab1 to 0.22.0
  4610 | D:4      | Quit the game

Skill      XL: |  1  2  3  4  5  6 |
---------------+-------------------+-----
Conjurations   | 2 |  2.7
Summonings     | 2 |  2.7
Translocations | 2 |  2.7
Invocations    | 1 2 |  2.3
Fighting       | 1 2 |  2.1
Short Blades   | 1 2 |  2.1
Long Blades    | 1 2 |  2.1
Axes           | 1 2 |  2.1
Maces & Flails | 1 2 |  2.1
Polearms       | 1 2 |  2.1
Staves         | 1 2 |  2.1
Slings         | 1 2 |  2.1
Bows           | 1 2 |  2.1
Crossbows      | 1 2 |  2.1
Throwing       | 1 2 |  2.1
Armour         | 1 2 |  2.1
Shields        | 1 2 |  2.1
Unarmed Combat | 1 2 |  2.1
Evocations     | 1 2 |  2.1
Hexes          | 1 |  1.6
Charms         | 1 |  1.6
Necromancy     | 1 |  1.6
Transmutations | 1 |  1.6
Fire Magic     | 1 |  1.6
Ice Magic      | 1 |  1.6
Air Magic      | 1 |  1.6
Earth Magic    | 1 |  1.6
Poison Magic   | 1 |  1.6
Dodging        | 5 |  5.0
Stealth        | |  4.6
Spellcasting   | |  7.4

Action                   |  1- 3 |  4- 6 || total
-------------------------+-------+-------++-------
Melee: Glaive            |       |    18 ||    18
       Trident           |       |    13 ||    13
 Cast: Magic Dart        |    69 |   159 ||   228
       Conjure Flame     |       |     7 ||     7
       Call Imp          |       |    21 ||    21
       Mephitic Cloud    |       |     2 ||     2
  Use: Scroll            |       |     4 ||     4
 Stab: Confused          |       |     1 ||     1
  Eat: Chunk             |     1 |    10 ||    11
Armor: Robe              |     2 |     7 ||     9
Dodge: Dodged            |     9 |    33 ||    42
       Deflected         |       |     3 ||     3
